 Dungeon Crawl Stone Soup version 0.27-a0-668-gb5737ff2c0 (webtiles) character file.

Game seed: 5616508857941726170

2 Lanoc the Charlatan (level 1, 0/16 HPs)
             Began as a Ghoul Artificer on Mar 17, 2021.
             Slain by a quokka (1 damage)
             ... on level 1 of the Dungeon.
             The game lasted 00:00:15 (30 turns).

Lanoc the Charlatan (Ghoul Artificer)                 Turns: 30, Time: 00:00:16

Health: 0/16       AC:  3    Str: 15    XL:     1   Next: 30%
Magic:  0/0        EV: 11    Int:  6    God:
Gold:   0          SH:  0    Dex:  9    Spells: 0/0 levels left

rFire    . . .     SeeInvis .   (no weapon)
rCold    + . .     Faith    .   (no shield)
rNeg     + + +     Spirit   .   b - +0 leather armour
rPois    ∞         Reflect  .   (no helmet)
rElec    .         Harm     .   (no cloak)
rCorr    .         Rampage  .   (no gloves)
Will     .....                  (no boots)
Stlth    +.........             (no amulet)
HPRegen  0.00/turn              (no ring)
MPRegen  0.07/turn              (no ring)

@: no status effects
A: claws 1, cold resistance 1, negative energy resistance 3, inhibited
regeneration, torment resistance 2, unbreathing 1
a: no special abilities


You were on level 1 of the Dungeon.
You visited 1 branch of the dungeon, and saw 1 of its levels.

Inventory:

Armour
 b - a +0 leather armour (worn)
Wands
 c - a wand of flame (15) (quivered)
 d - a wand of charming (15)
 e - a wand of random effects (15)


   Skills:
 + Level 1.1 Fighting
 + Level 1.8 Armour
 + Level 0.9 Dodging
 - Level 1.1 Stealth
 * Level 2.7 Evocations


You couldn't memorise any spells.
You didn't know any spells.
Your spell library was empty.

Dungeon Overview and Level Annotations

Branches:
Dungeon (1/15)

Altars:


Innate Abilities, Weirdness & Mutations

You thrive by killing the living.
You are immune to poison.
You have sharp fingernails.
Your flesh is cold resistant. (rC+)
You are immune to negative energy. (rN+++)
You do not regenerate when monsters are visible.
You are immune to unholy pain and torment.
You can survive without breathing.


Message History

The bat hits you but does no damage.
A frilled lizard comes into view.
You scratch the kobold.
The kobold is severely wounded.
The bat hits you but does no damage.
A quokka comes into view.
The kobold barely misses you.
You closely miss the kobold.
The kobold is severely wounded.
The bat barely misses you. The kobold hits you with a +0 dagger.
You closely miss the kobold.
The kobold is severely wounded.
The bat hits you but does no damage. The kobold hits you with a +0 dagger.
You closely miss the kobold.
The kobold is severely wounded.
The bat hits you. The bat hits you but does no damage.
The kobold closely misses you.
You closely miss the kobold.
The kobold is severely wounded.
The bat hits you but does no damage. The kobold hits you with a +0 dagger.
You scratch the kobold.
You kill the kobold!
You feel better. The bat misses you. The bat hits you but does no damage.
The bat barely misses you.
You miss the bat.
The bat is severely wounded.
The bat hits you. The bat hits you but does no damage.
You scratch the bat.
You kill the bat!
The frilled lizard bites you but does no damage.
You closely miss the frilled lizard. The quokka bites you.
The frilled lizard bites you.
You barely miss the frilled lizard. The quokka bites you.
* * * LOW HITPOINT WARNING * * *
The frilled lizard bites you.
* * * LOW HITPOINT WARNING * * *
You closely miss the quokka. The quokka misses you.
You closely miss the quokka. The quokka barely misses you.
The quokka bites you.
You die...

## # ######### .
...# .##.#..#.<#
..#....##.# .##..##
##...##...# #.##..#
#......##@###.#.#.#
#...#lr#...#.####
#[).#.######
#...#.##
#......##.# .....#.
.# ##..#.# . .... .
.# ..# .# .


You could see a quokka and a frilled lizard.

Vanquished Creatures
  A kobold (D:1)
  A bat (D:1)
2 creatures vanquished.

Notes
Turn   | Place    | Note
-------+----------+-------------------------------------------
     0 | D:1      | Lanoc the Ghoul Artificer began the quest for the Orb.
     0 | D:1      | Reached XP level 1. HP: 16/16 MP: 0/0
    30 | D:1      | Slain by a quokka

Illustrated notes

Levels and vault maps discovered:
D:1:      erik_arrival_cave_to_civilisation [erik_arrival_cave_to_temple],
          layout_basic

Action                   || total
-------------------------++-------
Melee: Unarmed           ||    13
Armor: Leather armour    ||     8
Dodge: Dodged            ||     7

Table legend: (Time is in decaauts)
 A = Elapsed time spent in this place.
 B = Non-inter-level travel time spent in this place.
 C = Inter-level travel time spent in this place.
 D = Time resting spent in this place.
 E = Time spent auto-exploring this place.
 F = Levels seen in this place.
 G = Mean time per level.
                   A        B        C        D        E       F      G
               +--------+--------+--------+--------+--------+-----+--------+
         Total |     30 |     30 |      0 |      0 |     10 |   1 |   30.0 |
       Dungeon |     30 |     30 |      0 |      0 |     10 |   1 |   30.0 |
               +--------+--------+--------+--------+--------+-----+--------+

Top non-repeatable levels by time:
     D:1: 30 daAuts
